 Dungeon Crawl Stone Soup version 0.29-a0-577-gafbf2c5d25 (webtiles) character file.

Game seed: 2407605067564499304

4216 pokeman the Thaumaturge (level 10, -8/56 HPs)
             Began as a Deep Elf Hedge Wizard on June 7, 2022.
             Was a Priest of Vehumet.
             Blown up by Maggie (17 damage)
             ... with a mindburst bolt
             ... on level 8 of the Dungeon on June 13, 2022.
             The game lasted 00:29:43 (10866 turns).

pokeman the Thaumaturge (Deep Elf Hedge Wizard)    Turns: 10866, Time: 00:29:43

Health: -8/56      AC: 10    Str: 13    XL:     10   Next: 9%
Magic:  15/28      EV: 13    Int: 24    God:    Vehumet [***...]
Gold:   500        SH:  0    Dex: 16    Spells: 15/34 levels left

rFire   . . .      SeeInvis +   J - +9 spear of Sequestration {vorpal, rElec Dex+2 SInv Stlth+}
rCold   . . .      Faith    .   (no shield)
rNeg    . . .      Spirit   .   A - +0 steam dragon scales
rPois   .          Reflect  .   c - +0 hat
rElec   +          Harm     .   (no cloak)
rCorr   .          Rampage  .   b - +0 pair of gloves
Will    +....                   (no boots)
Stlth   +++.......              (no amulet)
HPRegen 0.18/turn               B - +6 ring of strength
MPRegen 0.21/turn               I - +4 ring of protection

@: unable to read
A: beak, inability to read while threatened, sturdy frame 1
a: Renounce Religion


You were on level 8 of the Dungeon.
You worshipped Vehumet.
Vehumet was most pleased with you.
You visited 1 branch of the dungeon, and saw 8 of its levels.
You also visited: Sewer.

You collected 548 gold pieces.
You spent 48 gold pieces at shops.

Inventory:

Hand Weapons
 x - a +0 shortbow
 J - the +9 spear of Sequestration (weapon) {vorpal, rElec Dex+2 SInv Stlth+}
   (You took it off an orc on level 7 of the Dungeon)

   It inflicts extra damage upon your enemies.
   Dex:       It affects your dexterity (+2).
   rElec:     It insulates you from electricity.
   SInv:      It lets you see invisible.
   Stlth:     It makes you more stealthy.
Missiles
 w - a throwing net
Armour
 b - a +0 pair of gloves (worn)
 c - a +0 hat (worn)
 h - a +0 helmet
 y - a +0 buckler
 A - +0 steam dragon scales (worn)
 G - a +2 ring mail of cold resistance
Jewellery
 v - a ring of ice
 B - a +6 ring of strength (left hand)
 C - a ring of willpower
 I - a +4 ring of protection (right hand)
Wands
 p - a wand of digging (6)
 L - a wand of flame (32)
Scrolls
 a - 3 scrolls of teleportation
 e - 3 scrolls of magic mapping
 g - 4 scrolls of blinking
 i - a scroll of enchant armour {unknown}
 l - 4 scrolls of enchant weapon {unknown}
 n - 4 scrolls of immolation {unknown}
 o - a scroll of torment {unknown}
 t - a scroll of amnesia {unknown}
 F - a scroll of brand weapon {unknown}
 H - 2 scrolls of fog {unknown}
 K - a scroll of fear {unknown}
Potions
 d - 2 potions of magic
 f - a potion of ambrosia
 j - 2 potions of flight
 m - a potion of invisibility
 q - 5 potions of curing
 r - 5 potions of lignification
 s - 2 potions of might
 u - 3 potions of resistance
 z - a potion of attraction
 D - 2 potions of cancellation
 E - a potion of berserk rage
 M - a potion of haste
 N - a potion of heal wounds


   Skills:
 - Level 3.0 Fighting
 + Level 3.2 Armour
 - Level 3.0 Dodging
 - Level 3.2 Stealth
 - Level 2.0 Shields
 * Level 12.8 Spellcasting
 + Level 7.1 Conjurations
 - Level 1.1 Summonings
 - Level 1.1 Translocations
 + Level 6.3 Fire Magic
 - Level 1.0 Air Magic
 - Level 1.0 Poison Magic
 - Level 1.0 Evocations


You had 15 spell levels left.
You knew the following spells:

 Your Spells              Type           Power      Damage    Failure   Level
a - Magic Dart            Conj           100%       1d8       1%          1
b - Mephitic Cloud        Conj/Pois/Air  30%        N/A       1%          3
c - Call Imp              Summ           20%        N/A       3%          2
d - Blink                 Tloc           40%        N/A       3%          2
e - Conjure Flame         Conj/Fire      47%        6-21      1%          3
f - Shock                 Conj/Air       100%       1d9       1%          1
g - Flame Wave            Conj/Fire      47%        2d10      1%          4
h - Swiftness             Air            20%        N/A       8%          3

Your spell library contained the following spells:

 Spells                   Type           Power      Damage    Failure   Level
 Fulminant Prism          Conj/Hex       16%        3d11      2%          4
 Scorch                   Fire           90%        2d9       1%          2
 Apportation              Tloc           40%        N/A       2%          1
 Summon Small Mammal      Summ           80%        N/A       2%          1
 Hailstorm                Conj/Ice       32%        3d8       2%          4
 Necrotize                Necr           60%        1d7       4%          1
 Slow                     Hex            60%        N/A       4%          1
 Airstrike                Air            10%        N/A       7%          4
 Ice Form                 Ice/Tmut       15%        N/A       36%         4
 Manifold Assault         Tloc           20%        N/A       56%         5
 Summon Cactus Giant      Summ           10%        N/A       98%         6
 Simulacrum               Ice/Necr       7%         N/A       99%         6
 Storm Form               Tmut/Air       8%         N/A       100%        7


Dungeon Overview and Level Annotations

Branches:
Dungeon (8/15)             Temple (0/1) D:5           Sewer (visited)
   Lair: D:8-11

Altars:
Gozag
Hepliaklqana
Kikubaaqudgha
Makhleb
Vehumet
Xom
Yredelemnul

Shops:
D:4 !([:(   D:6 [

Annotations:
D:8 Maggie


Innate Abilities, Weirdness & Mutations

You have a beak for a mouth.
You sometimes lose the ability to read scrolls when taking damage.
Your movements are slightly less encumbered by armour. (ER -2)


Message History

Press: ? - help, Shift-Dir - straight line, f/p - centaur
Aim: a centaur, wielding a +0 shortbow (noxious fumes, lightly wounded, confused, 98% to hit)
The zap hits the centaur.
The centaur is lightly wounded.
The centaur is engulfed in noxious fumes.
The centaur appears confused.
The centaur is engulfed in noxious fumes.
The centaur appears confused.
The centaur shouts, "What's happening?!"
Reach: J) +9 spear of Sequestration {vorpal, rElec Dex+2 SInv Stlth+}
Press: ? - help, Dir - move target, f/p - centaur
Aim: a centaur, wielding a +0 shortbow (lightly wounded, confused, about 11% to evade the +9 spear of Sequestration)
You puncture the centaur!
The centaur is severely wounded.
The centaur unwields a +0 shortbow.
The centaur wields a +0 quarterstaff.
The centaur misses you. The centaur barely misses you.
Reach: J) +9 spear of Sequestration {vorpal, rElec Dex+2 SInv Stlth+}
Press: ? - help, Dir - move target, f/p - centaur
Aim: a centaur, wielding a +0 quarterstaff (severely wounded, confused, about 11% to evade the +9 spear of Sequestration)
You hit the centaur.
The centaur is almost dead.
Unknown command.
Reach: J) +9 spear of Sequestration {vorpal, rElec Dex+2 SInv Stlth+}
Press: ? - help, Dir - move target, f/p - centaur
Aim: a centaur, wielding a +0 quarterstaff (almost dead, confused, about 11% to evade the +9 spear of Sequestration)
You hit the centaur.
You kill the centaur!
Vehumet accepts your kill.
You feel your power returning.
You start resting.
Maggie is nearby!
Maggie zaps a wand.
Your mind is blasted!
You feel threatened and lose the ability to read scrolls!
* * * LOW HITPOINT WARNING * * *
Casting: Shock (safe; 1% risk of failure)
Confirm with . or Enter, or press ? or * to list all spells.
Aiming: Mephitic Cloud (safe; 1% risk of failure)
Press: ? - help, Shift-Dir - straight line The ball explodes into a vile cloud!
Maggie zaps a wand.
Your mind is blasted!
You die...

#...#.##..###................#
...........##................#
......................########
#.........###.....[..##
#.........##..........#
#.........##..........#
#.......$)##.........[###
#.........?§.........[<.#
#.......)[.§☼..@........#
..........@###...........#
##........## #...........#
#......... #..##.###....#
#..........##.###.# #....#
..#........... ..# #....#
..##.#...... ...# #....# ....
.#


You could see Maggie.

Vanquished Creatures
  Pikel (D:8)
  Joseph (D:8)
  Psyche (D:8)
  The ghost of peter4 the Twirler, an amateur MiGl (D:5)
  Prince Ribbit (D:6)
  A water moccasin (Sewer)
  An orc warrior (D:7)
  A sky beast (D:7)
  3 ice beasts
  An ogre (D:7)
  A wolf (D:7)
  2 centaurs
  3 lemures (D:8)
  A phantom (D:5)
  2 bullfrogs
  2 gnoll sergeants
  3 scorpions
  A crimson imp (D:6)
  A bullfrog zombie (D:5)
  11 hounds
  3 orc priests
  3 gnoll shamans (D:7)
  A bullfrog skeleton (D:5)
  3 iguanas
  4 orc wizards
  Robin (D:2)
  23 gnolls
  19 adders
  2 shadow imps
  3 white imps
  An ufetubus (D:6)
  3 worms
  2 dart slugs (D:2)
  19 orcs
  5 ball pythons
  7 endoplasms
  6 giant cockroaches
  9 goblins
  11 hobgoblins
  14 jackals
  3 quokkas
  2 bats (D:2)
  5 frilled lizards
  8 kobolds
  8 rats
204 creatures vanquished.

Vanquished Creatures (collateral kills)
  7 goblins (D:2)
  2 hobgoblins (D:2)
9 creatures vanquished.

Vanquished Creatures (others)
  A giant cockroach (D:5)
1 creature vanquished.

Grand Total: 214 creatures vanquished

Notes
Turn   | Place    | Note
-------+----------+-------------------------------------------
     0 | D:1      | pokeman the Deep Elf Hedge Wizard began the quest for the
                  | Orb.
     0 | D:1      | Reached XP level 1. HP: 10/10 MP: 7/7
   497 | D:1      | Reached XP level 2. HP: 15/15 MP: 6/9
   535 | D:1      | Found an ancient bone altar of Kikubaaqudgha.
   712 | D:1      | Found a faded altar of an unknown god.
  1068 | D:2      | Reached skill level 5 in Spellcasting
  1069 | D:2      | Gained mutation: You sometimes lose the ability to read
                  | scrolls when taking damage. [potion of mutation]
  1069 | D:2      | Gained mutation: You have a beak for a mouth. [potion of
                  | mutation]
  1069 | D:2      | Gained mutation: Your movements are slightly less
                  | encumbered by armour. (ER -2) [potion of mutation]
  1128 | D:2      | Reached XP level 3. HP: 12/20 MP: 1/11
  1426 | D:2      | Learned a level 3 spell: Mephitic Cloud
  1429 | D:2      | Learned a level 2 spell: Blink
  1432 | D:2      | Learned a level 2 spell: Call Imp
  1436 | D:2      | Learned a level 3 spell: Conjure Flame
  1452 | D:2      | Reached skill level 1 in Armour
  1479 | D:2      | Reached skill level 1 in Fighting
  1663 | D:2      | Reached XP level 4. HP: 25/25 MP: 7/13
  1762 | D:2      | Noticed Robin
  1776 | D:2      | Killed Robin
  2106 | D:2      | Reached skill level 1 in Fire Magic
  2138 | D:2      | You fall into a shaft and drop 2 floors!
  2267 | D:4      | Reached skill level 6 in Spellcasting
  2267 | D:4      | Reached XP level 5. HP: 19/29 MP: 7/15
  2422 | D:4      | Found Wilatife's Book Emporium.
  2509 | D:4      | Found Yvoness's Weapon Boutique.
  2835 | D:4      | Found Xasur's Distillery.
  2843 | D:4      | Bought a potion of curing for 36 gold pieces
  2843 | D:4      | Bought a potion of degeneration for 12 gold pieces
  3110 | D:4      | Found Xuolats's Antique Weapon Shoppe.
  3502 | D:2      | Reached skill level 1 in Air Magic
  3845 | D:3      | Found a shimmering altar of Xom.
  3848 | D:3      | Found a radiant altar of Vehumet.
  3860 | D:3      | Found a basalt altar of Yredelemnul.
  3862 | D:3      | Found an opulent altar of Gozag.
  3866 | D:3      | Became a worshipper of Vehumet
  4168 | D:3      | Noticed a centaur
  4178 | D:3      | Killed a centaur
  4179 | D:3      | Reached XP level 6. HP: 23/34 MP: 7/17
  4284 | D:3      | Learned a level 1 spell: Shock
  4291 | D:3      | Learned a level 3 spell: Swiftness
  4303 | D:3      | Reached skill level 1 in Poison Magic
  4373 | D:3      | Reached skill level 7 in Spellcasting
  5011 | D:3      | Reached * piety under Vehumet
  5011 | D:3      | Offered knowledge of Sandblast by Vehumet.
  5732 | D:4      | Reached skill level 1 in Evocations
  5824 | D:4      | Found Gun Mou's Antique Armour Boutique.
  6240 | D:5      | Entered Level 5 of the Dungeon
  6243 | D:5      | Found a glowing drain.
  6248 | D:5      | Reached skill level 1 in Shields
  6248 | D:5      | Reached XP level 7. HP: 31/38 MP: 13/20
  6341 | Sewer    | Entered a sewer
  6461 | Sewer    | Reached skill level 8 in Spellcasting
  7128 | D:5      | Found a runed translucent gate.
  7128 | D:5      | Found a runed translucent gate.
  7129 | D:5      | Found a runed translucent gate.
  7135 | D:5      | Noticed peter4's ghost (amateur MiGl)
  7142 | D:5      | Reached XP level 8. HP: 43/43 MP: 17/22
  7196 | D:5      | Reached skill level 9 in Spellcasting
  7236 | D:5      | Identified the +0 leather armour of Dithmenos's Favour
                  | {Drain rCorr Str+3}
  7252 | D:5      | Found a staircase to the Ecumenical Temple.
  7646 | D:5      | Killed peter4's ghost
  7761 | D:6      | Reached skill level 5 in Conjurations
  7775 | D:6      | Reached ** piety under Vehumet
  8069 | D:6      | Offered knowledge of Scorch by Vehumet.
  8157 | D:6      | Found Fiobytumy's Antique Armour Emporium.
  8288 | D:6      | Reached skill level 10 in Spellcasting
  8492 | D:6      | Found a burning altar of Makhleb.
  8922 | D:7      | Noticed Prince Ribbit
  8963 | D:6      | Killed Prince Ribbit
  8964 | D:6      | Reached XP level 9. HP: 31/48 MP: 3/25
  9179 | D:7      | Identified the +9 spear of Sequestration {vorpal, rElec
                  | Dex+2 SInv Stlth+}
  9225 | D:7      | Reached skill level 11 in Spellcasting
  9434 | D:7      | Offered knowledge of Dazzling Flash by Vehumet.
  9435 | D:7      | Reached skill level 5 in Fire Magic
  9516 | D:7      | Reached *** piety under Vehumet
  9785 | D:7      | Upgraded the game from 0.29-a0-553-g81b289dbe5 to
                  | 0.29-a0-577-gafbf2c5d25
  9891 | D:7      | Found a hazy altar of Hepliaklqana.
 10207 | D:7      | Learned a level 4 spell: Flame Wave
 10355 | D:8      | Noticed Maggie
 10424 | D:8      | Noticed Psyche
 10431 | D:8      | Noticed Pikel
 10433 | D:8      | Killed Psyche
 10434 | D:8      | Reached skill level 12 in Spellcasting
 10450 | D:8      | Killed Pikel
 10638 | D:8      | Offered knowledge of Fulminant Prism by Vehumet.
 10654 | D:8      | Noticed Joseph
 10855 | D:8      | Killed Joseph
 10856 | D:8      | Reached XP level 10. HP: 17/56 MP: 20/28
 10866 | D:8      | Blown up by Maggie

Illustrated notes

Levels and vault maps discovered:
D:1:      dpeg_arrival_erosion, layout_rooms,
          hellmonk_ecumenical_altar_lost_god, minivault_19,
          kennysheep_flooded_box
D:2:      minmay_chambers_of_twos, layout_basic, grunt_ministairs_1,
          hangedman_abyss_or_decor_lesser_grid, uniq_robin
D:3:      kennysheep_six_static_rooms, layout_loops_corners,
          grunt_temple_overflow_cloverleaf, skrybe_limestone_x,
          hangedman_decor_riveting
D:4:      layout_basic, serial_shops, nicolae_diamond_shop, nicolae_shop_trees,
          nicolae_shop_trees, nicolae_shop_trees, shop, grunt_ministairs_1
D:5:      layout_cave_pools, minmay_temple_entry_nine_rooms,
          gammafunk_ghost_necromancy, gup_sewer_entry_glass
D:6:      layout_cave_pools, makhleb_grotto_becter, serial_shops,
          nicolae_diamond_shop
D:7:      layout_cave_pools, nzn_hepliaklqana_mist_gate, serial_gnoll_camp,
          gnoll_camp_mini_house, gnoll_camp_mini_loothouse, gnoll_camp_mini_hut,
          gnoll_camp_mini_doghouse, gnoll_camp_medium_02, uniq_prince_ribbit1
D:8:      layout_rooms, mainiacjoe_overflow_24_doors, uniq_joseph, uniq_maggie,
          uniq_pikel, uniq_psyche

Skill      XL: |  1  2  3  4  5  6  7  8  9 |
---------------+----------------------------+-----
Spellcasting   | 5 6 7 8 10 12 | 12.8
Armour         | 1 2 3 |  3.2
Fighting       | 1 2 3 |  3.0
Conjurations   | 2 3 4 5 7 |  7.1
Fire Magic     | 1 3 4 6 |  6.3
Dodging        | 3 |  3.0
Air Magic      | 1 |  1.0
Stealth        | 3 |  3.2
Poison Magic   | 1 |  1.0
Evocations     | 1 |  1.0
Shields        | 1 2 |  2.0
Summonings     | |  1.1
Translocations | |  1.1

Action                   |  1- 3 |  4- 6 |  7- 9 | 10-12 || total
-------------------------+-------+-------+-------+-------++-------
Melee: Dagger            |    20 |       |       |       ||    20
       Peck              |     4 |     3 |    23 |       ||    30
       Whip              |     7 |     9 |     9 |       ||    25
       Punch             |       |       |     3 |       ||     3
       Spear             |       |       |   126 |     3 ||   129
 Cast: Magic Dart        |    79 |   187 |    87 |       ||   353
       Call Imp          |     1 |     2 |     1 |       ||     4
       Mephitic Cloud    |       |     4 |    42 |     2 ||    48
       Blink             |       |     2 |     5 |       ||     7
       Shock             |       |    15 |   188 |     2 ||   205
       Conjure Flame     |       |       |    29 |       ||    29
       Flame Wave        |       |       |     4 |       ||     4
  Use: Potion            |     5 |       |       |       ||     5
       Scroll            |       |       |    11 |       ||    11
 Stab: Confused          |       |     1 |    10 |       ||    11
       Sleeping          |       |     1 |       |       ||     1
Armor: Leather armour    |    12 |     6 |       |       ||    18
       Steam dragon scal |       |     3 |    53 |       ||    56
Dodge: Dodged            |    34 |    46 |   114 |     2 ||   196

Table legend: (Time is in decaauts)
 A = Elapsed time spent in this place.
 B = Non-inter-level travel time spent in this place.
 C = Inter-level travel time spent in this place.
 D = Time resting spent in this place.
 E = Time spent auto-exploring this place.
 F = Levels seen in this place.
 G = Mean time per level.
                   A        B        C        D        E       F      G
               +--------+--------+--------+--------+--------+-----+--------+
         Total |  10895 |  10668 |    227 |   1056 |   7698 |   9 | 1210.6 |
       Dungeon |  10657 |  10430 |    227 |   1056 |   7500 |   8 | 1332.1 |
         Sewer |    237 |    237 |      0 |      0 |    198 |   1 |  237.0 |
               +--------+--------+--------+--------+--------+-----+--------+

Top non-repeatable levels by time:
     D:3: 1928 daAuts
     D:2: 1808 daAuts
     D:4: 1627 daAuts
     D:7: 1534 daAuts
     D:6: 1311 daAuts
     D:5: 1132 daAuts
     D:1: 998 daAuts
     D:8: 316 daAuts
   Sewer: 237 daAuts
